 Dungeon Crawl Stone Soup version 0.27.0-1-g7a089689b8 (webtiles) character file.

Game seed: 1664358556790850912

1727 Kinoniko the Carver (level 8, -1/63 HPs)
             Began as a Green Draconian Berserker on Aug 12, 2021.
             Was an Elder of Trog.
             Slain by a shadow (29 damage)
             ... on level 6 of the Dungeon.
             The game lasted 00:04:21 (5847 turns).

Kinoniko the Carver (Green Draconian Berserker)     Turns: 5847, Time: 00:04:21

Health: -1/63      AC: 10    Str: 19    XL:     8   Next: 75%
Magic:  8/8        EV: 14    Int:  8    God:    Trog [****..]
Gold:   249        SH:  0    Dex: 13    Spells: 7/7 levels left

rFire    . . .     SeeInvis .   t - +0 scimitar
rCold    . . .     Faith    .   (no shield)
rNeg     . . .     Spirit   .   (armour unavailable)
rPois    +         Reflect  .   (helmet restricted)
rElec    .         Harm     .   (no cloak)
rCorr    +         Rampage  .   (no gloves)
Will     .....                  (no boots)
Stlth    +.........             (no amulet)
HPRegen  0.20/turn              o - +4 ring of protection
MPRegen  0.11/turn              q - ring of resist corrosion

@: on berserk cooldown, slowed, very slow
A: breathe noxious fumes, AC +6, unfitting armour, poison resistance,
cold-blooded
a: Breathe Noxious Fumes, Renounce Religion, Berserk, Trog's Hand, Brothers in
Arms


You were on level 6 of the Dungeon.
You worshipped Trog.
Trog was greatly pleased with you.
You visited 1 branch of the dungeon, and saw 6 of its levels.

You collected 249 gold pieces.

Inventory:

Hand Weapons
 t - a +0 scimitar (weapon)
Jewellery
 e - an amulet of magic regeneration
 o - a +4 ring of protection (left hand)
 q - a ring of resist corrosion (right hand)
Wands
 r - a wand of flame (17)
Scrolls
 c - a scroll of summoning
 d - a scroll of torment
 f - 3 scrolls of fear
 g - 2 scrolls of immolation
 j - 3 scrolls of teleportation
 s - a scroll of vulnerability
Potions
 h - a potion of berserk rage {unknown}
 i - 5 potions of curing {unknown}
 k - 3 potions of haste {unknown}
 l - a potion of flight {unknown}
 m - a potion of resistance {unknown}
 n - a potion of cancellation {unknown}


   Skills:
 - Level 3.2 Fighting
 * Level 9.7 Long Blades
 + Level 6.5 Dodging


You had 7 spell levels left.
You didn't know any spells.
Your spell library was empty.

Dungeon Overview and Level Annotations

Branches:
Dungeon (6/15)
 Temple: D:4-7

Altars:
Cheibriados
Nemelex Xobeh


Innate Abilities, Weirdness & Mutations

You can breathe blasts of noxious fumes.
Your lurid green scales are hard. (AC +6)
You cannot fit into any form of body armour.
Your system is resistant to poisons. (rPois)
You are cold-blooded and may be slowed by cold attacks.


Message History

Menkaure points at you and mumbles some strange words.
Pain shoots through your body!
You hit Menkaure.
Menkaure is severely damaged.
An ice beast comes into view.
You closely miss Menkaure.
Menkaure is severely damaged.
Menkaure murmurs drily.
Menkaure hits you.
You are too injured to fight recklessly!
You barely miss Menkaure.
Menkaure is severely damaged.
You barely miss Menkaure.
Menkaure is severely damaged.
The iguana closely misses you. Menkaure casts a spell at you.
Pain shoots through your body!
You slice Menkaure!!
You destroy Menkaure!
Trog accepts your kill.
Trog appreciates your killing of a magic user.
You can now call in reinforcements.
The iguana barely misses you.
A shadow comes into view.
Unknown command.
You slice the iguana!!
You kill the iguana!
Trog accepts your kill.
You are no longer berserk.
You are exhausted.
You feel yourself slow down. The shadow barely misses you.
You riposte.
You closely miss the shadow.
You see here an iguana corpse.
You barely miss the shadow.
The shadow slips into darkness.
The shadow flickers and vanishes!
Deactivating autopickup; reactivate with Ctrl-A.
You closely miss something.
The shadow strikes at you from the darkness!
You die...

..... .. . #...# ..#
.. ###...##..#. ..#
..##...........
#..## ............
.... #.......#.#
#..# ##.Y......#
#..# #.{@..# #..####
#..#.#########.....#
#..#.....).........#
#..###########.#####
#.. #.# #.. #.#####
#.. #.....# #..
#####.# #.#


You could see an ice beast.

Vanquished Creatures
  A gargoyle (D:6)
  Sigmund (D:3)
  Menkaure (D:6)
  A black bear (D:5)
  3 ogres
  2 necrophages
  A phantom (D:5)
  2 scorpions (D:5)
  A water moccasin skeleton (D:5)
  2 howler monkeys
  2 hounds (D:5)
  An iguana (D:6)
  A howler monkey zombie (D:6)
  A gnoll (D:1)
  A howler monkey skeleton (D:6)
  9 adders
  2 adder skeletons (D:4)
  2 worms
  5 dart slugs
  6 orcs
  8 ball pythons
  6 bats
  6 endoplasms
  4 giant cockroaches
  20 goblins
  5 hobgoblins
  11 jackals
  8 quokkas
  4 frilled lizards
  7 kobolds
  4 rats
128 creatures vanquished.

Notes
Turn   | Place    | Note
-------+----------+-------------------------------------------
     0 | D:1      | Kinoniko the Draconian Berserker began the quest for the
                  | Orb.
     0 | D:1      | Reached XP level 1. HP: 19/19 MP: 1/1
    70 | D:1      | Reached XP level 2. HP: 10/26 MP: 2/2
   369 | D:1      | Reached ** piety under Trog
   610 | D:1      | Reached XP level 3. HP: 22/31 MP: 3/3
   772 | D:1      | Reached skill level 4 in Long Blades
  1331 | D:2      | Found a sparkling altar of Nemelex Xobeh.
  1347 | D:2      | Reached XP level 4. HP: 36/38 MP: 4/4
  2529 | D:2      | Reached skill level 5 in Long Blades
  2712 | D:3      | Noticed Sigmund
  2721 | D:3      | Killed Sigmund
  2722 | D:3      | Reached XP level 5. HP: 44/45 MP: 5/5
  2722 | D:3      | Reached XP level 6. HP: 50/51 MP: 6/6
  2859 | D:3      | Reached *** piety under Trog
  3034 | D:3      | Found a snail-covered altar of Cheibriados.
  3073 | D:3      | Reached skill level 6 in Long Blades
  3378 | D:3      | Found a faded altar of an unknown god.
  4440 | D:5      | Entered Level 5 of the Dungeon
  4450 | D:5      | Your scales start taking on a lurid green colour.
  4450 | D:5      | Reached XP level 7. HP: 49/57 MP: 7/7
  4450 | D:5      | Gained mutation: Your system is resistant to poisons.
                  | (rPois) [Green Draconian growth]
  4798 | D:5      | Reached skill level 7 in Long Blades
  4982 | D:5      | Reached skill level 5 in Dodging
  5161 | D:5      | Found a faded altar of an unknown god.
  5205 | D:5      | Reached skill level 8 in Long Blades
  5207 | D:5      | Reached XP level 8. HP: 36/63 MP: 8/8
  5788 | D:6      | Noticed a gargoyle
  5801 | D:6      | Killed a gargoyle
  5802 | D:6      | Reached skill level 9 in Long Blades
  5831 | D:6      | Noticed Menkaure
  5842 | D:6      | Killed Menkaure
  5842 | D:6      | Reached **** piety under Trog
  5847 | D:6      | Slain by a shadow

Illustrated notes

Levels and vault maps discovered:
D:1:      onia_arrival_pyramid, layout_basic, st_stairs_4,
          grunt_decor_one_mirror, minmay_small_reverse_x
D:2:      layout_basic, serial_aquarium, aquarium_bridge_square
          [aquarium_subvault_bridge, aquarium_subvault_bridge,
          aquarium_subvault_wall, aquarium_subvault_bridge],
          aquarium_bridge_straight [aquarium_subvault_bridge,
          aquarium_subvault_wall, aquarium_subvault_bridge,
          aquarium_subvault_wall], aquarium_window_3, aquarium_window_2,
          aquarium_window_1, aquarium_view_2e, aquarium_view_2d,
          aquarium_balcony_3a, aquarium_pool_1, basic_altar, grunt_decor_cap,
          minmay_misc_feat_hallway, minivault_26, minmay_goblin_outpost
D:3:      layout_loops_ring, cheibriados_altar_1,
          shapermc_ecumenical_altar_pompeii, uniq_sigmund
D:4:      layout_basic, eino_small_chamber_without_monster
D:5:      layout_cave_pods, serial_column_ruins, column_ruins_hut,
          column_ruins_temple_hall, column_ruins_grid_1, column_ruins_open_tiny,
          column_ruins_columns_corner, column_ruins_open_tiny,
          kennysheep_cross_room
D:6:      layout_loops_ring, kennysheep_potato, uniq_menkaure, uniq_grinder

Skill      XL: |  1  2  3  4  5  6  7  8 |
---------------+-------------------------+-----
Dodging        | 3 4 5 6 |  6.5
Long Blades    | 4 5 6 8 9 |  9.7
Fighting       | |  3.2

Action                   |  1- 3 |  4- 6 |  7- 9 || total
-------------------------+-------+-------+-------++-------
Melee: Falchion          |   101 |   176 |    11 ||   288
       Tailslap          |    14 |    37 |    14 ||    65
       Long sword        |       |       |    51 ||    51
       Scimitar          |       |       |    29 ||    29
Invok: Berserk           |     1 |     2 |     3 ||     6
  Use: Potion            |       |     1 |       ||     1
       Scroll            |       |     5 |     4 ||     9
 Stab: Sleeping          |     1 |     3 |       ||     4
Armor: Skin              |    42 |    41 |    21 ||   104
Dodge: Dodged            |    89 |   100 |    45 ||   234
       Rpst.: Falchion   |    31 |    33 |     3 ||    67
       Long sword        |       |       |     6 ||     6
       Scimitar          |       |       |     4 ||     4
